 Dungeon Crawl Stone Soup version 0.20-a0-537-g052e6ba (webtiles) character file.

288 HAL9000 the Slasher (level 6, 0/70 HPs)
             Began as a Barachian Berserker on Jan 27, 2017.
             Was a Believer of Trog.
             Succumbed to a scorpion's poison
             ... on level 4 of the Dungeon.
             The game lasted 00:07:52 (3929 turns).

HAL9000 the Slasher (Barachian Berserker)           Turns: 3929, Time: 00:07:53

Health: 0/70       AC:  2    Str: 20    XL:     6   Next: 31%
Magic:  6/6        EV: 13    Int:  6    God:    Trog [**....]
Gold:   222        SH:  0    Dex: 12    Spells: 5/5 levels left

rFire    . . .     SeeInvis .   a - +0 falchion
rCold    . . .     Gourm    .   b - +0 animal skin
rNeg     . . .     Faith    .   (no shield)
rPois    .         Spirit   .   (no helmet)
rElec    .         Reflect  .   (no cloak)
rCorr    .         Harm     .   (no gloves)
MR       .....                  (no boots)
Stlth    ..........             (no amulet)
Regen    0.3/turn               (no ring)
                                o - +1 ring of evasion

@: berserking, lethally poisoned (0 -> -16), very slightly contaminated,
invisible, quick
A: swims, slowness 1, strong legs 1
a: Hop, Berserk, Trog's Hand, Burn Spellbooks, Renounce Religion


You were on level 4 of the Dungeon.
You worshipped Trog.
Trog was pleased with you.
You were near starving.

You visited 1 branch of the dungeon, and saw 4 of its levels.

You collected 222 gold pieces.

Inventory:

Hand Weapons
 a - a +0 falchion (weapon)
Missiles
 i - a throwing net (quivered)
Armour
 b - a +0 animal skin (worn)
Jewellery
 o - a +1 ring of evasion (left hand)
Scrolls
 d - 2 scrolls of remove curse {unknown}
 f - a scroll of fear {unknown}
 h - a scroll of recharging {unknown}
 k - 2 scrolls of fog {unknown}
 l - 2 scrolls of identify {unknown}
 v - a scroll of blinking {unknown}
 w - a scroll of enchant armour {unknown}
 y - a scroll of noise {unknown}
Potions
 e - a potion of cancellation
 u - a potion of agility {unknown}
 A - a potion of beneficial mutation {unknown}
Comestibles
 c - 5 bread rations
 g - 2 royal jellies
 n - 3 meat rations
 r - a fruit


   Skills:
 - Level 3.2 Fighting
 + Level 7.5 Long Blades
 - Level 2.1 Armour
 - Level 2.0 Dodging


You had 5 spell levels left.
You didn't know any spells.

Dungeon Overview and Level Annotations

Branches:
Dungeon (4/15)
 Temple: D:4-7

Altars:
Dithmenos
The Shining One


Innate Abilities, Weirdness & Mutations

You can swim through water.
You cover ground slowly.
You can hop short distances.


Message History

The magic dart hits the scorpion.
The scorpion barely misses you.
You are too berserk!
Unknown command.
You are too berserk!
You barely miss the scorpion.
The scorpion is severely wounded.
* * * LOW HITPOINT WARNING * * *
You feel sick. The scorpion barely misses you.
You closely miss the scorpion.
The scorpion is severely wounded.
* * * LOW HITPOINT WARNING * * *
You feel sick.
You catch the helpless scorpion completely off-guard!
You hit the scorpion.
The scorpion is almost dead.
* * * LOW HITPOINT WARNING * * *
You feel sick. The scorpion closely misses you.
You closely miss the scorpion.
The scorpion is almost dead.
You die...

.# #...# #.###.#.# .# #...#
#...).).##...
.#####...##### #..?......
.#...........#####..###....
................##.........
##...........##.##...##...
#####...######.##...##...
#.<.# ####.##........ #...#
#....@s{#.##### #...#
#.##.##.#.# ##.## #
#.##(....... #.
.......###.. ##.##...#
......(. ....#.### #.#. .#
#.#. ..


You could see a scorpion.

Vanquished Creatures
  2 orc priests (D:4)
  A worker ant (D:4)
  6 gnolls (D:3)
  3 adders
  A shadow imp (D:3)
  3 worms (D:2)
  A dart slug (D:3)
  6 leopard geckos
  10 orcs
  9 bats
  7 giant cockroaches
  9 hobgoblins
  5 jackals
  6 kobolds
  A quokka (D:3)
  5 frilled lizards
  9 goblins
  5 rats
89 creatures vanquished.

Notes
Turn   | Place    | Note
-------+----------+-------------------------------------------
     0 | D:1      | HAL9000 the Barachian Berserker began the quest for the Orb.
     0 | D:1      | Reached XP level 1. HP: 18/18 MP: 1/1
   250 | D:1      | Reached XP level 2. HP: 14/24 MP: 2/2
   388 | D:1      | Reached skill level 4 in Long Blades
   828 | D:1      | Found a glowing golden altar of the Shining One.
  1002 | D:1      | Reached XP level 3. HP: 29/29 MP: 3/3
  1639 | D:2      | Reached ** piety under Trog
  1847 | D:2      | Reached skill level 5 in Long Blades
  1957 | D:2      | Reached XP level 4. HP: 21/35 MP: 4/4
  2613 | D:3      | Found a shadowy altar of Dithmenos.
  2804 | D:3      | Reached skill level 6 in Long Blades
  2804 | D:3      | Reached XP level 5. HP: 41/41 MP: 5/5
  3588 | D:4      | Reached skill level 7 in Long Blades
  3598 | D:4      | Reached XP level 6. HP: 21/47 MP: 6/6
  3923 | D:4      | HP: 2/47 [scorpion (5)]
  3928 | D:4      | HP: 1/70 [poisoned by a scorpion]
  3929 | D:4      | Succumbed to a scorpion's poison

Vault maps used:
D:1:      eino_arrival_water_cross, grunt_decor_arrowhead, tso_metal_star
D:3:      first_bread, nicolae_dithmenos_shadow_blocks

Skill      XL: |  1  2  3  4  5 |
---------------+----------------+-----
Long Blades    | 4 5 6 7 |  7.5
Fighting       | |  3.2
Armour         | |  2.1
Dodging        | |  2.0

Action                   |  1- 3 |  4- 6 || total
-------------------------+-------+-------++-------
Melee: Falchion          |   137 |   152 ||   289
Invok: Berserk           |     2 |     4 ||     6
       Trog's Hand       |       |     1 ||     1
  Use: Potion            |       |     5 ||     5
 Stab: Sleeping          |     2 |     1 ||     3
       Invisible         |       |     1 ||     1
  Eat: Chunk             |     5 |    10 ||    15
Armor: Animal skin       |    33 |    16 ||    49
Dodge: Dodged            |   109 |   101 ||   210
       Rpst.: Falchion   |    32 |    32 ||    64
